Unix NetHack Version 3.7.0-88 Work-in-progress - last build Aug 6 2023 13:40:22 (5c9c4c7fffe0d5f0a8b1342c2a36a56ed743986a,branch:master). Game began 2023-08-20 14:04:18, ended 2023-08-20 14:32:50. grux, lawful female human Valkyrie ## --------------------------------# --------- |...............................#### +.......| |.-----..--------------+------.| # |....<..| |.|...|..| |.| ####-.......| |.|...-..+ |.|# ------.-- |.|...|..|--- -- -.|# # |.|-----.|!%| .| .|# # |.|....|.|%%| .| - --- -.|# # |.|._..|.|..|-|- .{..-- |.|# # |.|....|.-|--..... . |.|# # |.|....@))....- -.- ---|[|# # |.|-------|---| |.| |..|.|# ## |.-...|.{|)...| +.| |..|.|# -.-..--- |.|...|..|....| ----.| ..|..##########.).[..[| |.-----|----------.{..------|-.| |....... |..............................| +....(.| -------------------------------- ----.... Grux the Fighter St:18/01 Dx:15 Co:15 In:9 Wi:7 Ch:8 Lawful S:2660 Dlvl:7 $:52 HP:0(40) Pw:17(17) AC:-3 Xp:6/321 T:3021 Burdened Blind Latest messages: "Thou must relearn thy lessons!" You feel foolish! Farvel level 6. What do you want to eat? [d or ?*] ? This food really hits the spot! You finish eating the food ration. You try to feel what is lying here on the floor. You feel here an arrow. You hear some noises in the distance. You try to feel what is lying here on the floor. You feel here an arrow. You hear a wolf howling at the moon. You try to feel what is lying here on the doorway. There is an open door here. You feel here 2 arrows. You feel an unseen monster! It explodes! You seem unaffected by it. You feel an unseen monster! It bites! You kill it! Welcome back to experience level 6. You try to feel what is lying here on the doorway. There is an open door here. You feel here 2 arrows. You feel an unseen monster! You attack thin air. Wait! There's something there you can't see! It gets angry! You miss it. It hits! You miss it. It hits! You miss it. It hits! It hits! What do you want to read? [mHM or ?*] M As you pronounce the formula on it, the scroll disappears. You have found a scroll of stinking cloud! Where do you want to center the cloud? (For instructions type a '?') The scroll crumbles with a whiff of rotten eggs. It misses! It hits! You die... Do you want your possessions identified? [ynq] (y) y Do you want to see your attributes? [ynq] (y) y Do you want an account of creatures vanquished? [ynaq] (y) y Do you want to see your conduct and achievements? [ynq] (y) y Do you want to see the dungeon overview? [ynq] (y) y Inventory: Coins $ - 52 gold pieces Amulets l - an uncursed amulet of unchanging Weapons b - a +0 dagger (alternate weapon; not wielded) x - 5 +0 daggers a - a +1 spear (weapon in hand) Armor B - an uncursed +0 pair of iron shoes (being worn) c - an uncursed +3 small shield (being worn) C - an uncursed +0 dwarvish cloak h - an uncursed +0 plate mail (being worn) Comestibles d - 4 uncursed food rations Scrolls m - 2 uncursed scrolls of light H - a cursed scroll of teleportation Potions N - a cursed potion of full healing G - a blessed potion of object detection s - an uncursed potion of water Rings E - a cursed ring of hunger (on right hand) Wands I - a wand of cold (0:7) O - a wand of make invisible (0:5) r - a wand of speed monster (0:7) Tools e - an uncursed oil lamp A - a +0 pick-axe Gems/Stones j - an uncursed amber stone y - an uncursed jade stone J - an uncursed worthless piece of green glass K - an uncursed worthless piece of red glass z - an uncursed worthless piece of yellowish brown glass Grux the Valkyrie's attributes: Background: You were a Fighter, a level 6 human Valkyrie. You were lawful, on a mission for Tyr who was opposed by Odin (neutral) and Loki (chaotic). You were in the Gnomish Mines, on level 7. You entered the dungeon 3021 turns ago. You had 321 experience points, 319 more were needed to attain level 7. Your score was 2660 before end-of-game adjustments. Basics: You had 0 out of 40 hit points. You had all 17 energy points (spell power). Your armor class was -3. Your wallet contained 52 zorkmids. Autopickup was on for '$' plus thrown. Final Characteristics: Your strength was 18/01 (limit:18/100). Your dexterity was 15 (limit:18). Your constitution was 15 (peak:16, limit:18). Your intelligence was 9 (limit:18). Your wisdom was 7 (peak:9, limit:18). Your charisma was 8 (limit:18). Final Status: You were temporarily blind. You hungered rapidly. You were not hungry. You were burdened; movement was slightly slowed. You were wielding a spear. You had basic skill with spear and could have enhanced that. Final Attributes: You were piously aligned. You were cold resistant. You were stealthy. You were guarded. You were fast. You were unlucky. Tyr was angry with you. You are dead (2nd time!). Miscellaneous: You never encountered a bones level. Total elapsed playing time was 28 minutes and 31 seconds. Major events: Turn 1: grux the lawful human Valkyrie entered the dungeon 1030: attained the rank of Skirmisher (level 3) 1146: entered the Gnomish Mines 2107: averted death (poisoned by a rotted gnome corpse) 2329: attained the rank of Fighter (level 6) 2557: reached Mine Town 3021: killed by a watchman Vanquished creatures: a dust vortex a gnome mummy a wood nymph 3 rock piercers 2 yellow lights a shrieker 3 gnome leaders 2 gnomish wizards a giant ant 3 little dogs 3 dwarves 2 homunculi 5 monkeys a coyote 2 large kobolds a giant rat 2 brown molds a yellow mold 27 gnomes a gnome zombie 5 geckos 3 jackals a fox 2 kobolds 3 grid bugs 3 lichens 3 newts 83 creatures vanquished. No species were genocided or became extinct. Voluntary challenges: You read items or engraved 4 times. You never engraved Elbereth. You never genocided any monsters. You never polymorphed an object. You never changed form. You used no wishes. Achievements: You entered a shop. You attained the rank of Skirmisher. You entered the Gnomish Mines. You attained the rank of Fighter. You entered Minetown. You entered a temple. The Dungeons of Doom: levels 1 to 4 Level 1: A sink. Level 2: A sink. Level 3: A general store. Level 4: Stairs down to The Gnomish Mines. The Gnomish Mines: levels 5 to 7 Level 5: Level 6: Level 7: <- You were here. A delicatessen, a temple, some fountains, a sink. Final resting place for you, killed by a watchman. Game over: ---------- / \ / REST \ / IN \ / PEACE \ / \ | grux | | 52 Au | | killed by a | | watchman | | | | | | 2023 | *| * * * | * _________)/\\_//(\/(/\)/\//\/|_)_______ Farvel grux the Valkyrie... You died in The Gnomish Mines on dungeon level 7 with 2655 points, and 52 pieces of gold, after 3021 moves. You were level 6 with a maximum of 40 hit points when you died.